 Dungeon Crawl Stone Soup version 0.31-a0-1547-g618ab1f346 (webtiles) character file.

Game seed: 1130003725351544656

1199 Bnni the Geomancer (level 8, -10/61 HPs)
             Began as a Formicid Earth Elementalist on Jan 2, 2024.
             Killed from afar by a kobold (19 damage)
             ... with a bolt of acid
             ... on level 4 of the Dungeon.
             The game lasted 00:05:26 (3164 turns).

Bnni the Geomancer (Formicid Earth Elementalist)    Turns: 3164, Time: 00:05:26

Health: -10/61     AC:  9    Str: 13    XL:     8   Next: 72%
Magic:  3/15       EV: 10    Int: 17    God:
Gold:   94         SH:  0    Dex: 14    Spells: 9/16 levels left

rFire   . . .        k - +2 dagger (pain)
rCold   . . .        (no shield)
rNeg    . . .        h - +0 ring mail
rPois   .            (helmet unavailable)
rElec   .            l - +0 cloak
rCorr   .            o - +2 pair of gloves
SInv    +            (no boots)
Will    .....        e - amulet of faith
Stlth   +            (no ring)
HPRegen 0.30/turn    (no ring)
MPRegen 0.14/turn

%: faith
@: lethally poisoned (-10 -> -11)
A: permanent stasis, dig shafts and tunnels, antennae 3, four strong arms
a: Dig, Shaft Self


You were on level 4 of the Dungeon.
You visited 1 branch of the dungeon, and saw 4 of its levels.

You collected 94 gold pieces.

Inventory:

Hand Weapons
 k - a +2 dagger of pain (weapon)
Missiles
 c - 8 poisoned darts
Armour
 h - a +0 ring mail (worn)
 l - a +0 cloak (worn)
 o - a +2 pair of gloves (worn)
Jewellery
 e - an amulet of faith (around neck)
Scrolls
 b - a scroll of noise {unknown}
 f - 2 scrolls of identify {unknown}
 g - a scroll of fear {unknown}
 j - 2 scrolls of poison {unknown}
 m - 2 scrolls of teleportation {unknown}
 q - a scroll of enchant weapon {unknown}
Potions
 a - a potion of haste {unknown}
 d - a potion of curing
 i - 2 potions of mutation {unknown}
 n - a potion of lignification {unknown}
 p - 2 potions of brilliance {unknown}
 r - 2 potions of attraction {unknown}


   Skills:
 + Level 4.8 Fighting
 - Level 1.7 Dodging
 - Level 2.4 Stealth
 + Level 4.9 Spellcasting
 - Level 3.0 Conjurations
 * Level 8.7 Earth Magic


You had 9 spell levels left.
You knew the following spells:

 Your Spells              Type           Power      Damage    Failure   Level
a - Sandblast             Erth           68%        2d15      1%          1
b - Passwall              Erth           34%        N/A       2%          3
c - Stone Arrow           Conj/Erth      48%        3d10      9%          3

Your spell library contained the following spells:

 Spells                   Type           Power      Damage    Failure   Level
 Momentum Strike          Conj/Tloc      18%        3d8       26%         2
 Brom's Barrelling Bould  Conj/Erth      24%        2d5       28%         4
 Apportation              Tloc           8%         N/A       32%         1
 Ensorcelled Hibernation  Hex/Ice        8%         N/A       43%         2
 Jinxbite                 Hex            8%         N/A       43%         2
 Lesser Beckoning         Tloc           8%         N/A       43%         2
 Petrify                  Alch/Erth      19%        N/A       45%         4
 Call Canine Familiar     Summ           4%         N/A       67%         3
 Sigil of Binding         Hex            4%         N/A       67%         3
 Dimensional Bullseye     Hex/Tloc       2%         N/A       97%         4
 Alistair's Intoxication  Alch           2%         N/A       100%        5
 Haunt                    Necr/Summ      2%         N/A       100%        7
 Borgnjor's Revivificati  Necr           2%         N/A       100%        8
 Death's Door             Necr           2%         N/A       100%        9
 Blink                    Tloc           Unusable   N/A       N/A         2
 Swiftness                Air            Unusable   N/A       N/A         3

Dungeon Overview and Level Annotations

Branches:
Dungeon (4/15)
 Temple: D:4-7

Altars:
The Shining One

Shops:
D:2 (


Innate Abilities, Weirdness & Mutations

You cannot be hasted, slowed, berserked, paralysed or teleported.
You can dig through walls and to a lower floor.
You have a pair of large antennae on your head. (SInv)
Your four strong arms can wield two-handed weapons with a shield.


Message History

Aiming: Sandblast (safe; 1% risk of failure)
Press: ? - help, Q - select action, (/) - cycle Shift-Dir - straight line, f/p - kobold
Aim: a kobold, wielding a +0 short sword of distortion (80% to hit)
The blast of sand hits paps's ghost.
Paps's ghost is severely damaged.
* * * LOW HITPOINT WARNING * * *
You feel very sick. Paps's ghost barely misses you.
Paps's ghost hits you but does no damage.
You are more poisoned.
You feel better. Paps's ghost closely misses you.
Aiming: Sandblast (safe; 1% risk of failure)
Press: ? - help, Q - select action, (/) - cycle Shift-Dir - straight line, f/p - kobold
Aim: a kobold, wielding a +0 short sword of distortion (80% to hit)
The blast of sand hits paps's ghost!
Paps's ghost is almost destroyed.
Paps's ghost hits you.
* * * LOW HITPOINT WARNING * * *
You are poisoned.
Aiming: Sandblast (safe; 1% risk of failure)
Press: ? - help, Q - select action, (/) - cycle Shift-Dir - straight line, f/p - kobold
Aim: a kobold, wielding a +0 short sword of distortion (80% to hit)
The blast of sand hits paps's ghost.
You destroy paps's ghost!
You feel very sick. The kobold hits you but does no damage.
Aiming: Sandblast (safe; 1% risk of failure)
Press: ? - help, Q - select action, (/) - cycle Shift-Dir - straight line, f/p - kobold
Aim: a kobold, wielding a +0 short sword of distortion (80% to hit)
The blast of sand hits the kobold.
You kill the kobold!
You feel sick.
Aiming: Sandblast (safe; 1% risk of failure)
Press: ? - help, Q - select action, (/) - cycle Shift-Dir - straight line, f/p - kobold
Aim: a kobold, wielding a +0 short sword of distortion (80% to hit)
The blast of sand misses the kobold.
The blast of sand hits the kobold!!
You kill the kobold!
You feel sick. The kobold hits you but does no damage.
The kobold zaps a wand.
The bolt of acid hits you!!
You die...

#### ############..###########
#.....##.⌠.##KK@........#
#.#####.#.#.#.#########.# #.#
..#..).####...##.####### ##.##
).....'...#.#.........>.##
....###$..#..'.#..##.##.^........
###...##.#.#.#.#................†
# #...###.⌠.##.#..##.##....###.##
###.#.# #####....#.#.#.##### #.#
....#.# ###.......## #.#


You could see 2 kobolds.

Vanquished Creatures
  Pikel (D:4)
  The ghost of paps the Covert, a novice OpDe of Gozag (D:4)
  Menkaure (D:4)
  An ogre (D:3)
  A lemure (D:4)
  A kobold brigand (D:4)
  A jelly (D:4)
  Natasha (D:4)
  7 adders
  2 dart slugs
  2 ribbon worms (D:2)
  5 orcs (D:3)
  5 bats
  8 endoplasms
  2 giant cockroaches (D:1)
  5 goblins
  8 hobgoblins
  4 jackals (D:2)
  6 kobolds
  A quokka (D:1)
  8 ball pythons
  4 frilled lizards
  6 rats
81 creatures vanquished.

Vanquished Creatures (others)
  2 kobolds (D:4)
2 creatures vanquished.

Grand Total: 83 creatures vanquished

Notes
Turn   | Place    | Note
-------+----------+-------------------------------------------
     0 | D:1      | Bnni the Formicid Earth Elementalist began the quest for
                  | the Orb.
     0 | D:1      | Reached XP level 1. HP: 13/13 MP: 3/3
    10 | D:1      | Reached skill level 1 in Conjurations
   137 | D:1      | Reached XP level 2. HP: 20/20 MP: 3/5
   310 | D:1      | Reached skill level 4 in Earth Magic
   614 | D:1      | Reached XP level 3. HP: 25/25 MP: 2/6
   618 | D:1      | Learned a level 3 spell: Passwall
   652 | D:1      | Reached skill level 1 in Fighting
  1182 | D:2      | Reached XP level 4. HP: 12/32 MP: 0/7
  1636 | D:2      | Found Xusa's Weapon Shop.
  1723 | D:2      | Learned a level 3 spell: Stone Arrow
  1724 | D:3      | Noticed an ogre
  1728 | D:3      | Killed an ogre
  1729 | D:3      | Reached skill level 5 in Earth Magic
  1729 | D:3      | Reached XP level 5. HP: 38/38 MP: 4/9
  1778 | D:3      | Reached XP level 6. HP: 44/44 MP: 2/10
  2165 | D:3      | Found a glowing golden altar of the Shining One.
  2413 | D:4      | Noticed Menkaure
  2420 | D:4      | Killed Menkaure
  2421 | D:4      | Reached skill level 6 in Earth Magic
  2566 | D:4      | Noticed Pikel
  2671 | D:4      | Killed Pikel
  2672 | D:4      | Reached skill level 7 in Earth Magic
  2672 | D:4      | Reached XP level 7. HP: 16/54 MP: 4/13
  2672 | D:4      | Reached XP level 8. HP: 18/60 MP: 4/14
  2874 | D:4      | Noticed Natasha
  2878 | D:4      | Killed Natasha
  2959 | D:4      | Found a runed translucent gate.
  3134 | D:4      | Found a runed translucent gate.
  3135 | D:4      | Found a runed translucent gate.
  3135 | D:4      | Noticed paps's ghost (novice OpDe)
  3153 | D:4      | HP: 3/60 [kobold/bolt of acid (13)]
  3154 | D:4      | Reached skill level 8 in Earth Magic
  3162 | D:4      | Killed paps's ghost
  3164 | D:4      | Killed from afar by a kobold

Illustrated notes

Levels and vault maps discovered:
D:1:      lemuel_arrival_room, layout_basic, minmay_pentomino_o4
D:2:      layout_rooms, serial_shops, shop
D:3:      layout_rooms, nicolae_tso_carved_into_rock
D:4:      layout_loops_ring, kennysheep_vampire_church,
          gammafunk_ghost_nasty_kobolds, uniq_pikel, uniq_natasha, uniq_menkaure

Skill      XL: |  1  2  3  4  5  6  7  8 |
---------------+-------------------------+-----
Conjurations   | 1 2 3 |  3.0
Earth Magic    | 4 5 7 8 |  8.7
Fighting       | 1 2 4 |  4.8
Spellcasting   | 4 |  4.9
Dodging        | |  1.7
Stealth        | |  2.4

Action                     |  1- 3 |  4- 6 |  7- 9 || total
---------------------------+-------+-------+-------++-------
  Melee: Dagger            |     5 |     2 |       ||     7
  Throw: Dart              |       |     1 |       ||     1
   Cast: Sandblast         |    39 |    69 |    25 ||   133
         Stone Arrow       |       |     1 |       ||     1
         Passwall          |       |     1 |       ||     1
    Use: Potion            |       |     1 |     3 ||     4
 Armour: Robe              |    12 |    11 |       ||    23
         Ring mail         |       |    23 |    19 ||    42
  Dodge: Dodged            |    10 |    27 |     4 ||    41

Table legend: (Time is in decaauts)
 A = Elapsed time spent in this place.
 B = Non-inter-level travel time spent in this place.
 C = Inter-level travel time spent in this place.
 D = Time resting spent in this place.
 E = Time spent auto-exploring this place.
 F = Levels seen in this place.
 G = Mean time per level.
                   A        B        C        D        E       F      G
               +--------+--------+--------+--------+--------+-----+--------+
         Total |   3228 |   3122 |    106 |    153 |   2408 |   4 |  807.0 |
       Dungeon |   3228 |   3122 |    106 |    153 |   2408 |   4 |  807.0 |
               +--------+--------+--------+--------+--------+-----+--------+

Top non-repeatable levels by time:
     D:1: 1109 daAuts
     D:4: 813 daAuts
     D:3: 661 daAuts
     D:2: 644 daAuts
